 Dungeon Crawl Stone Soup version 0.26.1 (webtiles) character file.

Game seed: 2264078071669880722

509 Gadfly the Slasher (level 6, -1/55 HPs)
             Began as a Palentonga Berserker on Feb 4, 2021.
             Was a Priest of Trog.
             Slain by an orc priest
             ... wielding a +0 flail
              (3 damage)
             ... on level 4 of the Dungeon.
             The game lasted 00:06:27 (3371 turns).

Gadfly the Slasher (Palentonga Berserker)           Turns: 3371, Time: 00:06:28

Health: -1/55      AC:  4    Str: 20 (21) XL:     6   Next: 98%
Magic:  6/6        EV: 10    Int:  7 (8)  God:    Trog [***...]
Gold:   71         SH:  0    Dex: 10      Spells: 5/5 levels left

rFire    . . .     SeeInvis +   b - +2 dagger (venom)
rCold    . . .     Faith    +   (no shield)
rNeg     . . .     Spirit   .   i - +0 leather armour
rPois    .         Reflect  .   (no helmet)
rElec    .         Harm     .   (no cloak)
rCorr    .         Rampage  .   (no gloves)
Will     .....                  (no barding)
Stlth    +.........             m - amulet of faith
HPRegen  0.18/turn              (no ring)
MPRegen  0.10/turn              (no ring)

@: no status effects
A: large, rugged brown scales 3, see invisible, deformed body, roll 1, armoured
tail
a: Rolling Charge, Renounce Religion, Berserk, Trog's Hand


You were on level 4 of the Dungeon.
You worshipped Trog.
Trog was most pleased with you.
You visited 1 branch of the dungeon, and saw 4 of its levels.

You collected 71 gold pieces.

Inventory:

Hand Weapons
 a - a +1 falchion
 b - a +2 dagger of venom (weapon)
Armour
 f - a +0 ring mail
 i - a +0 leather armour (worn)
Jewellery
 m - an amulet of faith (around neck)
Scrolls
 c - 4 scrolls of fear
 d - a scroll of remove curse
 g - 2 scrolls of enchant armour
Potions
 e - 2 potions of resistance
 h - a potion of flight
 j - a potion of curing
 k - 2 potions of haste
 l - 2 potions of lignification


   Skills:
 + Level 3.8 Fighting
 * Level 4.4 Long Blades
 * Level 3.1 Armour
 * Level 3.3 Dodging
 * Level 2.9 Evocations


You had 5 spell levels left.
You didn't know any spells.
Your spell library was empty.

Dungeon Overview and Level Annotations

Branches:
Dungeon (4/15)
 Temple: D:4-7

Altars:
Ashenzari
Kikubaaqudgha
Makhleb
Xom


Innate Abilities, Weirdness & Mutations

You are completely covered in rugged brown scales. (AC +3, +7% HP)
You have supernaturally acute eyesight. (SInv)
Armour fits poorly on your strangely shaped body.
You can roll at nearby foes to attack.
You have a long armoured tail.


Message History

You hit the orc but do no damage.
You tail-slap the orc, but do no damage.
The orc hits you with a cursed -3 war axe!
There is a stone staircase leading up here.
You hit the orc.
The orc is poisoned.
The orc is almost dead.
You kill the orc!
Trog accepts your kill. The orc closely misses you.
The orc priest barely misses you.
The orc hits you with a cursed -3 war axe!
* * * LOW HITPOINT WARNING * * *
There is a stone staircase leading up here.
You see here a +0 flail.
Unknown command.
The orc priest invokes the aid of Beogh against you.
Beogh smites you!
* * * LOW HITPOINT WARNING * * *
The orc priest hits you with a +0 flail.
You die...

.......# ##..
..o.....# ##....
(......# ......
......# ......#
#.....# .......
##.....#
.......##oo....##
#........o......##...
#......o@.....)......
#..(?...[............
..#..................
#####..............
###......######
##......# #.......#
......... ....


You could see 2 orc priests and 2 orcs.

Vanquished Creatures
  Sigmund (D:2)
  A hound (D:2)
  2 orc priests
  2 orc wizards (D:3)
  Jessica (D:2)
  Terence (D:2)
  7 adders
  An ooze (D:1)
  4 worms
  A dart slug (D:2)
  A leopard gecko (D:2)
  10 orcs
  A giant cockroach (D:3)
  4 goblins
  9 hobgoblins
  2 jackals (D:3)
  A quokka (D:3)
  11 bats
  5 frilled lizards
  5 kobolds
  8 rats
78 creatures vanquished.

Notes
Turn   | Place    | Note
-------+----------+-------------------------------------------
     0 | D:1      | Gadfly the Palentonga Berserker began the quest for the
                  | Orb.
     0 | D:1      | Reached XP level 1. HP: 20/20 MP: 1/1
    46 | D:1      | Reached XP level 2. HP: 24/27 MP: 2/2
   290 | D:1      | Found a shimmering altar of Xom.
   499 | D:2      | Reached skill level 1 in Evocations
   713 | D:2      | Reached XP level 3. HP: 33/33 MP: 3/3
   732 | D:2      | Noticed Sigmund
   741 | D:2      | Killed Sigmund
   742 | D:2      | Reached XP level 4. HP: 10/40 MP: 4/4
   742 | D:2      | Reached XP level 5. HP: 12/48 MP: 5/5
  1113 | D:2      | Found a broken altar of Ashenzari.
  1121 | D:2      | Reached ** piety under Trog
  1218 | D:2      | Found a burning altar of Makhleb.
  1402 | D:2      | Noticed Jessica
  1404 | D:2      | Killed Jessica
  1405 | D:2      | Reached skill level 4 in Long Blades
  1405 | D:2      | Reached XP level 6. HP: 54/54 MP: 6/6
  1417 | D:2      | Noticed Terence
  1425 | D:2      | Killed Terence
  2379 | D:3      | Found an ancient bone altar of Kikubaaqudgha.
  2415 | D:3      | Reached *** piety under Trog
  3371 | D:4      | HP: 2/55 [orc priest/divine providence (11)]
  3371 | D:4      | Slain by an orc priest

Illustrated notes

Levels and vault maps discovered:
D:1:      mushboom_english_gardens, layout_basic, xom_teletrap_fun
D:2:      layout_loops_corners, makhleb_heckhound_becter, ashenzari_altar_1,
          uniq_terence, uniq_jessica, uniq_sigmund
D:3:      layout_basic, kiku_gazebo_pond_becter
D:4:      layout_layer_cave, minmay_temple_entry_from_below_a

Skill      XL: |  1  2  3  4  5  6 |
---------------+-------------------+-----
Evocations     | 1 2 |  2.9
Armour         | 2 3 |  3.1
Dodging        | 2 3 |  3.3
Long Blades    | 4 |  4.4
Fighting       | |  3.8

Action                   |  1- 3 |  4- 6 || total
-------------------------+-------+-------++-------
Melee: Falchion          |    37 |     2 ||    39
       Tailslap          |     5 |    20 ||    25
       Dagger            |     4 |   173 ||   177
Invok: Berserk           |     1 |       ||     1
 Abil: Rolling Charge    |    10 |    28 ||    38
  Use: Scroll            |     7 |     7 ||    14
       Potion            |       |     1 ||     1
Armor: Animal skin       |     2 |    30 ||    32
       Ring mail         |       |    19 ||    19
       Leather armour    |       |     1 ||     1
Dodge: Dodged            |    23 |    77 ||   100
       Rpst.: Falchion   |    10 |       ||    10
